cohdb
Replays
Latest Replays
All Replays
Popular Replays
Top Player Replays
Match Explorer
How It Works
Community
CoH3 Stats
Reddit
Sign in to upload your games and track your stats! →
Sign in with Steam
Match 44331028
Unlisted
Match 44331028
Overview
Messages
Build Orders
End
Scout Squad
Construct Barracks
1⁄4-ton 4x4 Truck
Riflemen Squad
Riflemen Squad
Grenade Package
Infantry Support Center
Selects Armored Battlegroup
Selects Veteran Crews
Engineer Squad
Riflemen Squad
Construct Motor Pool
Selects Strength in Steel
M8 Greyhound Armored Car
Construct Medical Station
M1 Anti-tank Gun Team
Selects Seek and Destroy
Advanced Logistics
Survival Training
Selects M4A3E8 Sherman Combat Group
M4A3E8 Sherman Combat Group
M1918 Browning Automatic Rifles
Selects Field Repairs
Engineer Squad
Engineer Squad
M4A3E8 Sherman Combat Group
Captain Retinue
Selects War Machine
Construct Tank Depot
M4A3E8 Sherman Combat Group
M4(105) Sherman Bulldozer
M4A3E8 Sherman Combat Group
M18 Hellcat Tank Destroyer
Riflemen Squad
ZyAcroQC
De.Richelieu
Old Croak
ACP Angel
0
0
Comments
sign in to comment!
No comments posted yet!